 Dungeon Crawl Stone Soup version 0.23.1 (webtiles) character file.

Game seed: 3457064075958298181

50 wolfsongas the Purveyor of Pain (level 3, -1/26 HPs)
             Began as a Demonspawn Necromancer on Mar 2, 2019.
             Was an Initiate of Kikubaaqudgha.
             Killed from afar by Sigmund (8 damage)
             ... with a puff of flame
             ... on level 3 of the Dungeon.
             The game lasted 00:03:04 (2079 turns).

wolfsongas the Purveyor of Pain (DsNe)              Turns: 2079, Time: 00:03:04

Health: -1/26      AC:  3    Str:  9    XL:     3   Next: 55%
Magic:  0/15       EV: 13    Int: 16    God:    Kikubaaqudgha [......]
Gold:   59         SH:  0    Dex: 13    Spells: 5/6 levels left

rFire    . . .     SeeInvis .   f - +0 short sword
rCold    . . .     Gourm    .   (no shield)
rNeg     . . .     Faith    .   d - +0 leather armour
rPois    .         Spirit   +   (no helmet)
rElec    .         Reflect  .   (no cloak)
rCorr    .         Harm     .   (no gloves)
MR       .....                  (no boots)
Stlth    ++........             (no amulet)
HPRegen  0.08/turn              k - ring of magical power
MPRegen  0.14/turn              (no ring)

@: no status effects
A: repulsion field 1, magic shield
a: Renounce Religion


You were on level 3 of the Dungeon.
You worshipped Kikubaaqudgha.
Kikubaaqudgha was noncommittal.
You were not hungry.

You visited 1 branch of the dungeon, and saw 3 of its levels.

You collected 59 gold pieces.

Inventory:

Hand Weapons
 f - a +0 short sword (weapon)
Armour
 d - a +0 leather armour (worn)
Jewellery
 k - a ring of magical power (left hand)
Wands
 a - a wand of iceblast (13)
Scrolls
 h - a scroll of amnesia
 i - 2 scrolls of remove curse
Potions
 b - 3 potions of curing
 e - a potion of might
 g - a potion of haste
 j - a potion of cancellation
 l - a potion of brilliance {unknown}
Comestibles
 c - 5 rations


   Skills:
 * Level 1.1 Fighting
 + Level 0.2 Short Blades
 + Level 0.4 Armour
 - Level 1.7 Dodging
 - Level 1.7 Stealth
 + Level 2.4 Spellcasting
 + Level 5.2 Necromancy


You had 5 spell levels left.
You knew the following spells:

 Your Spells              Type           Power        Failure   Level  Hunger
a - Pain                  Necr           ###.         3%          1    #......

Your spell library contained the following spells:

 Spells                   Type           Power        Failure   Level  Hunger
 Animate Skeleton         Necr           N/A          3%          1    #......
 Vampiric Draining        Necr           ###.......   10%         3    ###....
 Regeneration             Chrm/Necr      ##........   28%         3    ###....
 Animate Dead             Necr           N/A          32%         4    #####..


Dungeon Overview and Level Annotations

Branches:
Dungeon (3/15)

Altars:
Kikubaaqudgha

Annotations:
D:3 Sigmund


Innate Abilities, Weirdness & Mutations

You are surrounded by a mild repulsion field. (EV +2)
When hurt, damage is shared between your health and your magic reserves.


Message History

Aiming: Pain (safe; 3% risk of failure)
Press: ? - help, Shift-Dir - straight line, f/p - Sigmund
Aim: Sigmund, wielding a +0 scythe and wearing a +0 robe (heavily wounded, chance to defeat MR: 84%) Sigmund writhes in agony.
Sigmund barely misses you.
Casting: Pain (safe; 3% risk of failure)
Confirm with . or Enter, or press ? or * to list all spells.
Aiming: Pain (safe; 3% risk of failure)
Press: ? - help, Shift-Dir - straight line, f/p - Sigmund
Aim: Sigmund, wielding a +0 scythe and wearing a +0 robe (severely wounded, chance to defeat MR: 84%) Sigmund writhes in agony.
Casting: Pain (safe; 3% risk of failure)
Confirm with . or Enter, or press ? or * to list all spells.
Aiming: Pain (safe; 3% risk of failure)
Press: ? - help, Shift-Dir - straight line, f/p - Sigmund
Aim: Sigmund, wielding a +0 scythe and wearing a +0 robe (severely wounded, chance to defeat MR: 84%) Sigmund writhes in agony.
Sigmund points at you and mumbles some strange words.
The puff of flame hits you!
You die...
Kikubaaqudgha rasps: "You have failed me!
Welcome... death!"

#. #.....##.#...#.##......[..#
#.##.....##.#...#.##.........#
#.##.....##.#.....##.........#
#..#.....##.#......###########
#.....#.....#......#
#.....#.....#......#
#.....#............####
###.....#....<...........
#..<....#.......@#####...
#.#.....#........# ...
..#...#.#.....###@ ..
#...#.#.....# .# #####.#.....#
.# .......# .# . .# .#


You could see Sigmund.

Vanquished Creatures
  An adder (D:2)
  A worm (D:2)
  A leopard gecko (D:1)
  A ball python (D:2)
  5 bats
  2 giant cockroaches
  3 goblins
  6 hobgoblins
  3 jackals (D:2)
  6 kobolds
  2 frilled lizards
  3 rats
34 creatures vanquished.

Notes
Turn   | Place    | Note
-------+----------+-------------------------------------------
     0 | D:1      | wolfsongas the Demonspawn Necromancer began the quest for
                  | the Orb.
     0 | D:1      | Reached XP level 1. HP: 13/13 MP: 3/3
   311 | D:1      | Gained mutation: When hurt, damage is shared between your
                  | health and your magic reserves. [demonic ancestry]
   311 | D:1      | Reached XP level 2. HP: 19/20 MP: 3/5
   864 | D:2      | Reached skill level 5 in Necromancy
  1174 | D:2      | Gained mutation: You are surrounded by a mild repulsion
                  | field. (EV +2) [demonic ancestry]
  1174 | D:2      | Reached XP level 3. HP: 16/25 MP: 2/6
  1604 | D:2      | Reached skill level 1 in Fighting
  1805 | D:2      | Found an ancient bone altar of Kikubaaqudgha.
  1964 | D:2      | Became a worshipper of Kikubaaqudgha
  2070 | D:3      | Noticed Sigmund
  2079 | D:3      | Killed from afar by Sigmund

Skill      XL: |  1  2  3 |
---------------+----------+-----
Necromancy     | 5 |  5.2
Fighting       | 1 |  1.1
Short Blades   | |  0.2
Armour         | |  0.4
Dodging        | |  1.7
Stealth        | |  1.7
Spellcasting   | |  2.4

Action                   || total
-------------------------++-------
Melee: Unarmed           ||    12
       Short sword       ||    18
 Cast: Pain              ||    58
  Use: Scroll            ||     7
       Potion            ||     3
  Eat: Chunk             ||     1
       Ration            ||     1
Armor: Leather armour    ||    15
       Skin              ||    12
Dodge: Dodged            ||    37
